 Dungeon Crawl Stone Soup version 0.28.0 (webtiles) character file.

Game seed: 15948145466722571479

49 croobank the Unweaver (level 4, -3/35 HPs)
             Began as a Human Abyssal Knight on Feb 11, 2022.
             Was a Follower of Lugonu.
             Shot with a sling bullet by a goblin (7 damage)
             ... on level 2 of the Dungeon.
             The game lasted 00:06:02 (2333 turns).

croobank the Unweaver (Human Abyssal Knight)        Turns: 2333, Time: 00:06:02

Health: -3/35      AC:  3    Str: 15 (16) XL:     4   Next: 1%
Magic:  6/6        EV: 11    Int:  8 (10) God:    Lugonu [*.....]
Gold:   103        SH:  0    Dex: 12 (13) Spells: 3/3 levels left

rFire   . . .      SeeInvis .   a - +1 hand axe
rCold   . . .      Faith    .   (no shield)
rNeg    . . .      Spirit   .   b - +0 leather armour
rPois   .          Reflect  .   (no helmet)
rElec   .          Harm     .   (no cloak)
rCorr   .          Rampage  .   (no gloves)
Will    .....                   (no boots)
Stlth   ++........              (no amulet)
HPRegen 0.11/turn               (no ring)
MPRegen 0.10/turn               (no ring)

@: mighty, on berserk cooldown, slowed, very slow
A: no striking features
a: Renounce Religion, Depart the Abyss


You were on level 2 of the Dungeon.
You worshipped Lugonu.
Lugonu was aware of your devotion.
You visited 1 branch of the dungeon, and saw 2 of its levels.
You visited the Abyss 1 time.

You collected 103 gold pieces.

Inventory:

Hand Weapons
 a - a +1 hand axe (weapon)
Missiles
 d - 47 stones (quivered)
Armour
 b - a +0 leather armour (worn)
 c - a +0 pair of gloves
Scrolls
 e - a scroll of enchant weapon {unknown}
 g - a scroll of identify {unknown}
 h - a scroll of teleportation {unknown}
Potions
 i - a potion of might
 k - a potion of curing {unknown}


   Skills:
 - Level 3.0 Fighting
 - Level 2.0 Axes
 - Level 2.0 Armour
 - Level 1.0 Dodging
 + Level 2.1 Stealth
 - Level 3.4 Invocations


You had 3 spell levels left.
You didn't know any spells.
Your spell library was empty.

Dungeon Overview and Level Annotations

Branches:
Dungeon (2/15)

Altars:

Shops:
D:2 (


Message History

It was a potion of degeneration.
There was something very wrong with that liquid.
You feel weakened.
You feel dopey.
You feel clumsy.
It was a potion of might.
You feel very mighty all of a sudden.
It was a potion of berserk rage.
A red film seems to cover your vision as you go berserk!
You feel yourself moving faster!
You feel mighty!
You feel a strong urge to attack something.
The worm bites you.
* * * LOW HITPOINT WARNING * * *
You slash the worm!
The worm is almost dead.
You slash the worm!
You kill the worm!
Lugonu accepts your kill.
You have reached level 4!
You feel stronger.
You see here a worm corpse.
You feel a strong urge to attack something.
You feel your anger nearly subside.
You are no longer berserk.
You are exhausted.
You feel yourself slow down.
d - 45 stones (gained 1)
You see here a hobgoblin corpse.
d - 46 stones (gained 1)
Found 2 silver boomerangs.
d - 47 stones (gained 1)
A goblin comes into view. It is wielding a +0 club.
You see here a stone.
Found a stone staircase leading up.
The goblin shouts!
You hear a shout! x2
The goblin unwields a +0 club.
The goblin wields a +0 hunting sling.
The goblin shoots a sling bullet.
The sling bullet hits you.
* * * LOW HITPOINT WARNING * * *
You see here 7 gold pieces.
A kobold comes into view. It is wielding a +0 dagger.
The kobold shouts!
The goblin shoots a sling bullet.
The sling bullet hits you!
You die...

#.. #.######.## .#..
#.# #†# #.#.. #.# #.#
.#####.#..##.### #.##
...............####...
.(..###........†..#.
.....##.....####... #
#.#.##.....# #§.§≈
#.#@...#†....# #.§≈≈
.#..$(...##.### #.≈§≈
#....(....##.# #.≈≈≈
....#........#.# #..≈≈
.g< #.#...<#......
#⌠..∩ ..
.......###..... #####
. ..#.#.#.. ..##.#
............###.#
...#.#.###.# #.#


You could see a goblin.

Vanquished Creatures
  A worm (D:2)
  A dart slug (D:1)
  An orc (D:2)
  2 ball pythons (D:1)
  5 endoplasms
  3 giant cockroaches
  A goblin (D:1)
  6 hobgoblins
  3 jackals (D:2)
  3 quokkas (D:1)
  2 bats (D:1)
  A frilled lizard (D:1)
  4 kobolds
  4 rats
37 creatures vanquished.

Notes
Turn   | Place    | Note
-------+----------+-------------------------------------------
     0 | Abyss:1  | croobank the Human Abyssal Knight began the quest for the
                  | Orb.
     0 | Abyss:1  | Reached XP level 1. HP: 18/18 MP: 2/2
    91 | Abyss:1  | Found a corrupted altar of Lugonu.
    91 | Abyss:1  | Noticed a tentacled starspawn
    92 | D:1      | Escaped the Abyss
   534 | D:1      | Reached XP level 2. HP: 21/24 MP: 4/4
   572 | D:1      | Reached * piety under Lugonu
  1154 | D:1      | Found a faded altar of an unknown god.
  1292 | D:1      | Reached XP level 3. HP: 19/29 MP: 5/5
  1762 | D:2      | Reached skill level 1 in Stealth
  2237 | D:2      | Found Fonuaj's Antique Weapon Emporium.
  2317 | D:2      | Reached XP level 4. HP: 8/35 MP: 6/6
  2333 | D:2      | Shot with a sling bullet by a goblin

Illustrated notes

Levels and vault maps discovered:
D:1:      nagdon_arrival_double_spiral, layout_loops_corners,
          ebering_ecumenical_altar_hall
D:2:      layout_loops_ring, serial_shops, nicolae_lakefront_shop

Skill      XL: |  1  2  3 |
---------------+----------+-----
Invocations    | 3 |  3.4
Stealth        | 2 |  2.1
Fighting       | |  3.0
Axes           | |  2.0
Armour         | |  2.0
Dodging        | |  1.0

Action                   |  1- 3 |  4- 6 || total
-------------------------+-------+-------++-------
Melee: Hand axe          |   125 |       ||   125
       Punch             |     2 |       ||     2
Throw: Stone             |     5 |       ||     5
Invok: Depart the Abyss  |     1 |       ||     1
  Use: Potion            |     3 |       ||     3
Armor: Leather armour    |    25 |       ||    25
Dodge: Dodged            |    67 |       ||    67
